 Dungeon Crawl Stone Soup version 0.19-a0-1697-g0595f0e (webtiles) character file.

378 Amnesiac the Digger (level 6, -1/32 HPs)
             Began as a Deep Elf Earth Elementalist on Sept 26, 2016.
             Was a Believer of Dithmenos.
             Slain by a centaur (2 damage)
             ... on level 6 of the Dungeon.
             The game lasted 00:07:11 (3759 turns).

Amnesiac the Digger (Deep Elf Earth Elementalist)   Turns: 3759, Time: 00:07:11

Health: -1/32      AC: 11    Str:  5    XL:     6   Next: 45%
Magic:  6/14       EV: 13    Int: 20    God:    Dithmenos [**....]
Gold:   222        SH:  0    Dex: 17    Spells: 3 memorised, 7 levels left

rFire  . . .     SeeInvis .     t - +1 dagger (protect)
rCold  . . .     Gourm    .     c - +0 robe
rNeg   . . .     Faith    .     (no shield)
rPois  .         Spirit   .     (no helmet)
rElec  .         Dismiss  .     (no cloak)
rCorr  .         Reflect  .     u - +0 pair of gloves
MR     .....     Harm     .     (no boots)
Stlth  +++++.....               (no amulet)
                                o - +5 ring of slaying
                                f - ring of stealth

@: protection aura, wreathed by umbra
A: no striking features
a: Shadow Step, Renounce Religion


You were on level 6 of the Dungeon.
You worshipped Dithmenos.
Dithmenos was pleased with you.
You were not hungry.

You visited 2 branches of the dungeon, and saw 7 of its levels.

You collected 222 gold pieces.

Inventory:

Hand Weapons
 t - a +1 dagger of protection (weapon)
Missiles
 b - 180 stones (quivered)
 r - a throwing net
Armour
 c - a +0 robe (worn)
 u - a +0 pair of gloves (worn)
Jewellery
 f - a ring of stealth (left hand)
 o - a +5 ring of slaying (right hand)
 B - an uncursed amulet of magic regeneration {unknown}
Scrolls
 g - 6 scrolls of identify {unknown}
 j - 4 scrolls of magic mapping {unknown}
 l - 3 scrolls of teleportation {unknown}
 n - a scroll of amnesia {unknown}
 s - 2 scrolls of remove curse {unknown}
 x - a scroll of recharging {unknown}
 y - a scroll of immolation {unknown}
 z - 2 scrolls of noise {unknown}
Potions
 a - 4 potions of brilliance {unknown}
 h - a potion of lignification {unknown}
 m - 3 potions of degeneration {unknown}
 q - a potion of invisibility {unknown}
 v - a potion of cancellation {unknown}
 w - a potion of curing {unknown}
 A - a potion of heal wounds {unknown}
 C - a potion of agility {unknown}
Books
 e - a book of Geomancy

   Spells                             Type                      Level
   a - Sandblast                      Earth                        1
   b - Passwall                       Transmutation/Earth          2
   c - Stone Arrow                    Conjuration/Earth            3
   d - Petrify                        Transmutation/Earth          4
   e - Lee's Rapid Deconstruction     Earth                        5
 p - a book of Power

   Spells                             Type                      Level
   a - Fulminant Prism                Conjuration/Hexes            4
   b - Iskenderun's Mystic Blast      Conjuration                  4
   c - Venom Bolt                     Conjuration/Poison           5
   d - Bolt of Magma                  Conjuration/Fire/Earth       5
   e - Iron Shot                      Conjuration/Earth            6
   f - Orb of Destruction             Conjuration                  7
   g - Spellforged Servitor           Conjuration/Summoning        7
Comestibles
 d - 6 bread rations
 k - a beef jerky


   Skills:
 - Level 2.0 Short Blades
 - Level 2.4 Dodging
 - Level 4.0 Stealth
 + Level 4.5 Spellcasting
 * Level 4.5 Transmutations
 * Level 4.5 Earth Magic


You had 7 spell levels left.
You knew the following spells:

 Your Spells              Type           Power        Failure   Level  Hunger
e - Petrify               Tmut/Erth      ###.....     21%         4    ####...
f - Sandblast             Erth           ###...       1%          1    None
v - Passwall              Tmut/Erth      ###.......   2%          2    #......


Dungeon Overview and Level Annotations

Branches:
Dungeon (6/15)             Temple (1/1) D:4

Altars:
Ashenzari
Cheibriados
Dithmenos
Elyvilon
Fedhas
Gozag
Hepliaklqana
Kikubaaqudgha
Makhleb
Nemelex Xobeh
Okawaru
Qazlal
Ru
Sif Muna
Trog
Uskayaw
Vehumet
Xom
Yredelemnul
Zin
The Shining One

Shops:
D:4 (

Annotations:
D:4 exclusion: upstairs


Message History

You catch the helpless centaur completely off-guard!
You puncture the centaur!
Your weapon exudes an aura of protection.
The centaur is heavily wounded.
The centaur closely misses you. The centaur misses you.
You hit the centaur but do no damage.
The centaur is heavily wounded.
The centaur hits you.
* * * LOW HITPOINT WARNING * * *
Unknown command.
You hit the centaur.
The centaur is heavily wounded.
The centaur barely misses you.
Unknown command.
You hit the centaur.
The centaur is heavily wounded.
The centaur hits you.
* * * LOW HITPOINT WARNING * * *
The centaur hits you.
You die... ######### #@c...... #########

You could see a centaur (petrifying).

Vanquished Creatures
  An ogre (D:4)
  A hound (D:4)
  An orc priest (D:3)
  2 orc wizards (D:3)
  A worker ant (D:4)
  7 adders
  An ooze (D:3)
  2 worms
  2 dart slugs
  4 leopard geckos
  4 orcs
  4 ball pythons
  2 giant cockroaches
  7 goblins
  13 hobgoblins
  4 jackals (D:2)
  6 kobolds
  A quokka (D:3)
  4 bats
  4 frilled lizards
  12 rats
83 creatures vanquished.

Notes
Turn   | Place    | Note
-------+----------+-------------------------------------------
     0 | D:1      | Amnesiac the Deep Elf Earth Elementalist began the quest for the Orb.
     0 | D:1      | Reached XP level 1. HP: 10/10 MP: 6/6
   116 | D:1      | Reached XP level 2. HP: 9/15 MP: 1/8
   257 | D:2      | Learned a level 2 spell: Passwall
   740 | D:4      | Found Leniacu's Weapon Boutique.
   782 | D:4      | Reached XP level 3. HP: 19/19 MP: 6/9
   855 | D:4      | Noticed an ogre
   881 | D:4      | Killed an ogre
   881 | D:4      | Reached XP level 4. HP: 5/24 MP: 4/10
   904 | D:4      | Learned a level 4 spell: Petrify
  1150 | D:4      | Reached XP level 5. HP: 28/28 MP: 7/11
  1338 | D:4      | Found a staircase to the Ecumenical Temple.
  1380 | Temple   | Entered the Ecumenical Temple
  1713 | Temple   | Became a worshipper of Dithmenos the Shadowed
  2613 | D:2      | Reached * piety under Dithmenos
  2808 | D:2      | Reached skill level 1 in Short Blades
  2960 | D:3      | Reached XP level 6. HP: 32/32 MP: 14/14
  3085 | D:3      | Found a faded altar of an unknown god.
  3232 | D:3      | Reached ** piety under Dithmenos
  3717 | D:5      | Entered Level 5 of the Dungeon
  3759 | D:6      | HP: 1/32 [centaur (4)]
  3759 | D:6      | Slain by a centaur

Vault maps used:
D:1:      nicolae_arrival_memento_mori
D:2:      first_bread
D:3:      ecumenical_altar_2, hangedman_decor_riveting
D:4:      serial_shops, kennysheep_mini_moat
D:5:      minmay_opposing_rooms, grunt_qazlal_clouds, uniq_duvessa
D:6:      uniq_pikel
Temple:   regret_index_temple_sigil_plot

Skill      XL: |  1  2  3  4  5  6 |
---------------+-------------------+-----
Earth Magic    | 4 |  4.5
Transmutations | 2 4 |  4.5
Spellcasting   | 4 |  4.5
Short Blades   | 1 2 |  2.0
Stealth        | 4 |  4.0
Dodging        | |  2.4

Action                   |  1- 3 |  4- 6 || total
-------------------------+-------+-------++-------
Melee: Dagger            |       |   109 ||   109
 Cast: Sandblast         |    27 |    34 ||    61
       Passwall          |     1 |     1 ||     2
       Petrify           |       |     3 ||     3
 Stab: Sleeping          |       |    15 ||    15
       Petrified         |       |     2 ||     2
       Petrifying        |       |     1 ||     1
  Eat: Chunk             |       |     9 ||     9
Armor: Robe              |     2 |    24 ||    26
Dodge: Dodged            |    16 |    77 ||    93
